 Dungeon Crawl Stone Soup version 0.23.2-1-ga50397a6bc (webtiles) character file.

Game seed: 6216262553262402122

37 Elkator the Conjurer (level 3, 26/26 HPs)
             Began as a Draconian Conjurer on May 30, 2019.
             Quit the game on level 1 of the Dungeon.
             The game lasted 00:10:48 (1115 turns).

Elkator the Conjurer (Draconian Conjurer)           Turns: 1115, Time: 00:10:49

Health: 26/26      AC:  5    Str: 10    XL:     3   Next: 21%
Magic:  6/6        EV: 12    Int: 16    God:
Gold:   43         SH:  0    Dex: 11    Spells: 3/6 levels left

rFire    . . .     SeeInvis .   a - +0 spear
rCold    . . .     Gourm    .   (no shield)
rNeg     . . .     Faith    .   (armour unavailable)
rPois    .         Spirit   .   (helmet restricted)
rElec    .         Reflect  .   (no cloak)
rCorr    .         Harm     .   (no gloves)
MR       .....                  (no boots)
Stlth    ++........             (no amulet)
HPRegen  0.08/turn              (no ring)
MPRegen  0.10/turn              (no ring)

@: no status effects
A: unfitting armour, cold-blooded, AC +5
a: no special abilities


You were on level 1 of the Dungeon.
You were not hungry.

You visited 1 branch of the dungeon, and saw 1 of its levels.

You collected 43 gold pieces.

Inventory:

Hand Weapons
 a - a +0 spear (weapon)
Scrolls
 d - a scroll of amnesia {unknown}
 f - a scroll of enchant weapon {unknown}
 g - a scroll of identify
 h - a scroll of magic mapping {unknown}
Potions
 e - a potion of lignification
 i - a potion of haste {unknown}
Comestibles
 b - 3 rations


   Skills:
 + Level 0.1 Fighting
 + Level 0.4 Polearms
 + Level 2.0 Dodging
 - Level 2.2 Stealth
 + Level 2.0 Spellcasting
 + Level 4.6 Conjurations


You had 3 spell levels left.
You knew the following spells:

 Your Spells              Type           Power        Failure   Level  Hunger
a - Magic Dart            Conj           ###.         3%          1    #......
b - Searing Ray           Conj           ###...       4%          2    ###....

Your spell library contained the following spells:

 Spells                   Type           Power        Failure   Level  Hunger
 Dazzling Spray           Conj/Hex       #.....       24%         3    ###....
 Iskenderun's Mystic Bla  Conj           ###.....     30%         4    #####..
 Force Lance              Conj/Tloc      #.......     61%         4    #####..
 Fulminant Prism          Conj/Hex       #.........   61%         4    #####..


Dungeon Overview and Level Annotations

Branches:
Dungeon (1/15)

Altars:


Innate Abilities, Weirdness & Mutations

Your plain brown scales are hard. (AC +5)
You cannot fit into any form of body armour.
You are cold-blooded and may be slowed by cold attacks.


Message History

i - a fuming red potion You see here a +0 short sword.
You see here a stone.
All of the chunks of flesh in your inventory have rotted away.
You see here a +0 club.
g - 2 scrolls labeled ETAEVEBOOJ (gained 1) Done exploring.
As you read the scroll labeled ETAEVEBOOJ, it crumbles to dust.
It is a scroll of identify.
e - a potion of lignification Done exploring.
You see here a +0 club.
You see here a shield.
There is a stone staircase leading down, spattered with blood here.
Unknown command.
Okay, then.
Saving game... please wait.
Welcome back, Elkator the Draconian Conjurer.
Press ? for a list of commands and other information.
Are you sure you want to abandon this character and quit the game? (Confirm with "yes".)

#......'....# #..
#.######....# #########.. #)#
#..#+########......##.. #.#
#..#.#..............'..
#.#####..#.#.#####...#...##..
#.#......#.#.# #.[.#.#####.
#.'......#.#.# #...#....##.
###....#.#.#.#####...####.##.
######(#..@....'...........
#.[.#.#####...........
#.#.#.....####....(...
#####.#.....'..........#
#.....#.....####........
#.#####.....# #########
#.#.###.##'## # #.#...#.##.#
#.#.#.#.##.# #


There were no monsters in sight!

Vanquished Creatures
  A gnoll (D:1)
  6 bats (D:1)
  A giant cockroach (D:1)
  5 goblins (D:1)
  4 hobgoblins (D:1)
  3 kobolds (D:1)
  7 rats (D:1)
27 creatures vanquished.

Notes
Turn   | Place    | Note
-------+----------+-------------------------------------------
     0 | D:1      | Elkator the Draconian Conjurer began the quest for the Orb.
     0 | D:1      | Reached XP level 1. HP: 14/14 MP: 3/3
    99 | D:1      | Reached XP level 2. HP: 2/20 MP: 3/5
   529 | D:1      | Reached XP level 3. HP: 26/26 MP: 3/6
   719 | D:1      | Learned a level 2 spell: Searing Ray
  1115 | D:1      | Quit the game

Skill      XL: |  1  2 |
---------------+-------+-----
Stealth        | 2 |  2.2
Dodging        | 2 |  2.0
Fighting       | |  0.1
Polearms       | |  0.4
Spellcasting   | |  2.0
Conjurations   | |  4.6

Action                   || total
-------------------------++-------
Melee: Spear             ||    61
       Tailslap          ||     4
 Cast: Magic Dart        ||    21
       Searing Ray       ||     1
  Use: Scroll            ||     1
  Eat: Chunk             ||     1
Armor: Skin              ||    15
Dodge: Dodged            ||    40
